 Dungeon Crawl Stone Soup version 0.26-a0-808-g930a2b7adc (webtiles) character file.

Game seed: 8746131661602446257

107095 Morbidden the Thaumaturge (level 15, -7/119 HPs)
             Began as a Demonspawn Fighter on Nov 12, 2020.
             Was a High Priest of Vehumet.
             Killed from afar by a thorn hunter (21 damage)
             ... with a volley of thorns
             ... on level 2 of the Swamp.
             The game lasted 01:46:09 (45939 turns).

Morbidden the Thaumaturge (Demonspawn Fighter)     Turns: 45939, Time: 01:46:10

Health: -7/119     AC: 29    Str: 23    XL:     15   Next: 99%
Magic:  0/30       EV:  6    Int: 20    God:    Vehumet [*****.]
Gold:   337        SH:  0    Dex: 14    Spells: 9/37 levels left

rFire    + . .     SeeInvis .   a - +1 long sword (freeze)
rCold    + . .     Faith    .   (no shield)
rNeg     . . .     Spirit   +   B - +2 gold dragon scales
rPois    +         Reflect  .   (no helmet)
rElec    .         Harm     .   K - +2 cloak
rCorr    .         Rampage  .   (no gloves)
MR       +....                  u - +2 pair of boots
Stlth    ..........             x - amulet of magic regeneration
HPRegen  0.29/turn              b - +4 ring of protection
MPRegen  0.69/turn              j - +6 ring of strength

@: very slightly contaminated
A: claws 2, demonic guardian 2, magic shield, magic regeneration, subdued magic
1, big brain 3
a: Renounce Religion


You were on level 2 of the Swamp.
You worshipped Vehumet.
Vehumet was extremely pleased with you.
You visited 7 branches of the dungeon, and saw 28 of its levels.
You also visited: Gauntlet, Ice Cave and Volcano.

You collected 2347 gold pieces.
You spent 2010 gold pieces at shops.

Inventory:

Hand Weapons
 a - a +1 long sword of freezing (weapon)
 I - a +2 demon trident of pain
 X - the +5 executioner's axe of Tecit {spect, *Corrode MP+9 Dex+3}
   (You found it on level 1 of the Swamp)

   It retains the spirit of the tree from which it was made.
   In the hands of one skilled in evocations this spirit is drawn out to fight
   along side the wielder.
   It affects your dexterity (+3).
   It affects your magic capacity (+9).
   It may corrode you when you take damage.
Missiles
 m - 78 poisoned darts
 r - 25 silver javelins (quivered)
Armour
 c - a +0 kite shield
 h - a +1 robe of fire resistance
 u - a +2 pair of boots (worn)
 B - +2 gold dragon scales (worn)
 J - a +1 kite shield of fire resistance
 K - a +2 cloak (worn)
 N - a scarf of repulsion
 R - the +5 scale mail "Iwiaw" {Dex+2}
   (You found it on level 12 of the Dungeon)

   It affects your dexterity (+2).
 W - the +5 crystal plate armour "Wyesison" {rElec rN+ Int-2 Dex+5}
   (You bought it in a shop on level 10 of the Dungeon)

   It affects your intelligence (-2).
   It affects your dexterity (+5).
   It insulates you from electricity.
   It protects you from negative energy.
Magical Staves
 P - an uncursed staff of earth
Jewellery
 b - a +4 ring of protection (left claw)
 g - an uncursed ring of protection from cold
 j - a +6 ring of strength (right claw)
 l - an uncursed ring of wizardry
 s - an uncursed ring of protection from cold
 v - a +6 ring of intelligence
 x - an amulet of magic regeneration (around neck)
 F - a +4 ring of evasion
 S - an uncursed ring of poison resistance
 V - an uncursed ring of protection from cold
Wands
 d - a wand of flame (38)
 t - a wand of paralysis (5)
 C - a wand of random effects (18)
 G - a wand of iceblast (25)
 H - a wand of acid (8)
 T - a wand of enslavement (3)
 Y - a wand of digging (5)
Scrolls
 e - 4 scrolls of teleportation
 f - 5 scrolls of amnesia
 i - 11 scrolls of remove curse
 p - 2 scrolls of blinking
 q - a scroll of enchant weapon
 y - 6 scrolls of identify
 z - 2 scrolls of immolation
 A - 5 scrolls of fog
 M - 4 scrolls of enchant armour
 O - a scroll of noise
Potions
 k - 4 potions of brilliance
 n - 6 potions of flight
 o - 2 potions of cancellation
 w - 4 potions of attraction
 D - 7 potions of curing
 E - 2 potions of haste
 L - 3 potions of resistance
 Q - 3 potions of lignification
 U - a potion of might


   Skills:
 * Level 11.2 Fighting
 * Level 8.8 Long Blades
 + Level 0.2(0.5) Axes
 - Level 0.6(0.7) Polearms
 + Level 3.5 Throwing
 + Level 8.3 Armour
 + Level 4.0 Dodging
 + Level 2.3 Stealth
 * Level 11.4 Shields
 * Level 11.8 Spellcasting
 * Level 7.3 Conjurations
 * Level 7.5 Necromancy
 + Level 5.9 Fire Magic
 + Level 9.0 Air Magic
 + Level 1.2 Evocations


You had 9 spell levels left.
You knew the following spells:

 Your Spells              Type           Power        Failure   Level
a - Airstrike             Air            #####.....   10%         4
b - Foxfire               Conj/Fire      ####         2%          1
c - Searing Ray           Conj           ####..       3%          2
d - Lightning Bolt        Conj/Air       ####......   34%         5
e - Orb of Destruction    Conj           ####......   99%         7
f - Starburst             Conj/Fire      ####......   95%         6
z - Vampiric Draining     Necr           ####......   21%         3

Your spell library contained the following spells:

 Spells                   Type           Power        Failure   Level
 Freezing Cloud           Conj/Ice/Air   ####......   98%         6
 Shock                    Conj/Air       ####         1%          1
 Magic Dart               Conj           ####         2%          1
 Animate Skeleton         Necr           ####..       6%          1
 Pain                     Necr           ####         6%          1
 Conjure Flame            Conj/Fire      ####....     9%          3
 Mephitic Cloud           Conj/Pois/Air  ####....     13%         3
 Sandblast                Erth           #.....       34%         1
 Ignite Poison            Fire/Tmut/Pois ###.....     43%         3
 Animate Dead             Necr           ####......   52%         4
 Bolt of Magma            Conj/Fire/Erth ###.......   78%         5
 Summon Small Mammal      Summ           #...         80%         1
 Conjure Ball Lightning   Conj/Air       ####......   83%         6
 Agony                    Necr           ####....     86%         5
 Blink                    Tloc           N/A          89%         2
 Call Imp                 Summ           #.......     89%         2
 Passwall                 Tmut/Erth      #.......     89%         2
 Slow                     Hex            #.......     89%         2
 Summon Lightning Spire   Summ/Air       ###.....     90%         4
 Call Canine Familiar     Summ           #.......     98%         3
 Confusing Touch          Hex            #.......     98%         3
 Gell's Gravitas          Tloc           #.........   98%         3
 Summon Guardian Golem    Hex/Summ       #.......     98%         3
 Silence                  Hex/Air        ###.......   99%         5
 Yara's Violent Unravell  Hex/Tmut       #.........   99%         5
 Iron Shot                Conj/Erth      ###.......   99%         6
 Shatter                  Erth           #.........   99%         9
 Tornado                  Air            #####.....   99%         9
 Leda's Liquefaction      Hex/Erth       #.........   100%        4
 Petrify                  Tmut/Erth      #.......     100%        4
 Summon Ice Beast         Ice/Summ       #.......     100%        4
 Metabolic Englaciation   Hex/Ice        #.........   100%        5
 Shadow Creatures         Summ           N/A          100%        6
 Statue Form              Tmut/Erth      #........    100%        6
 Summon Hydra             Summ           #.........   100%        7


Dungeon Overview and Level Annotations

Branches:
Dungeon (15/15)            Temple (1/1) D:4            Lair (6/6) D:11
  Swamp (2/4) Lair:3       Shoals (1/4) Lair:2        Slime (0/5) Lair:5
    Orc (2/2) D:12         Vaults (0/5) D:13         Depths (1/5) D:15
  IceCv (visited)         Volcano (visited)         Gauntlet (visited)
    Elf: Orc:2

Altars:
Ashenzari
Cheibriados
Dithmenos
Elyvilon
Fedhas
Gozag
Hepliaklqana
Kikubaaqudgha
Makhleb
Nemelex Xobeh
Okawaru
Qazlal
Ru
Sif Muna
Trog
Uskayaw
Vehumet
Wu Jian
Xom
Yredelemnul
Zin
The Shining One
Beogh
Jiyva
Lugonu

Shops:
D:5 =   D:7 *   D:10 [   Orc:2 :   Depths:1 ?((

Portals:
Trove: D:10 (show slimy rune of Zot)

Annotations:
D:4 1 runed translucent door
D:5 2 transporters, waddelsworth's ghost, novice DEIE
D:13 exclusion: orange crystal statue
D:14 3 runed translucent doors, kuniqs's ghost, journeyman DEFE
Lair:1 3 runed translucent doors, Decritt's ghost, journeyman GrFi
Orc:2 Nergalle; Saint Roka
Depths:1 Mara


Innate Abilities, Weirdness & Mutations

You have very sharp fingernails.
A demonic guardian rushes to your aid.
When hurt, damage is shared between your health and your magic reserves.
You regenerate magic rapidly.
You have an absolutely massive brain. (Int +6, Wiz)
Your spells are a little easier to cast, but a little less powerful.


Message History

The volley of thorns hits you!!
* * * LOW HITPOINT WARNING * * *
Casting: Foxfire (safe; 2% risk of failure)
Confirm with . or Enter, or press ? or * to list all spells.
You don't have enough magic to cast that spell.
Unknown command.
Unknown command.
Unknown command.
Casting: Foxfire (safe; 2% risk of failure)
Confirm with . or Enter, or press ? or * to list all spells.
You don't have enough magic to cast that spell.
Unknown command.
Unknown command.
Unknown command.
The briar patch crumbles away. x2; The thorn hunter hits you.
* * * LOW HITPOINT WARNING * * *
The thorn hunter hits you but does no damage.
The thorn hunter fires a volley of thorns at you.
The volley of thorns hits you!!
You die...

≈§.≈≈≈≈≈≈ ♣.≈.♣♣ ≈≈...≈♣..
♣♣..≈§.♣♣♣
.≈≈≈..♣♣≈♣♣♣≈..§≈..≈♣
≈≈≈≈..♣♣≈♣≈>..≈≈§≈≈≈♣
≈≈≈≈..≈.≈§.≈≈≈≈≈≈...♣
≈≈.<|..§≈.≈≈≈≈≈≈...≈♣♣♣♣
≈≈≈≈≈≈≈≈....≈.≈≈≈.≈..≈.♣
≈≈≈≈≈≈≈≈..≈....≈.......♣
≈≈≈≈≈≈...♣.)....@..♣≈.♣♣
≈....≈≈≈...≈≈≈≈≈..f...≈♣
≈.§......≈≈≈≈≈≈≈≈≈...≈♣♣
≈........≈≈≈≈≈≈≈≈≈≈≈..♣
≈!≈.≈≈..≈≈≈≈≈≈≈≈≈≈≈≈≈.>.≈♣
≈.≈.≈≈..≈≈≈≈≈≈_≈≈≈≈≈≈.≈..≈≈.
..♣♣≈...≈≈≈≈≈≈≈≈≈≈≈≈≈.§≈..≈≈
.≈♣≈♣♣...≈≈≈≈≈≈≈≈≈≈≈..≈≈.[≈.
.... .....≈≈≈≈≈≈≈≈≈...≈≈≈≈≈≈


You could see a thorn hunter.

Vanquished Creatures
  Jorgrun (Orc:2)
  An orc warlord (Orc:1)
  A frost giant (IceCv)
  Azrael (Orc:2)
  A red draconian (Volcano)
  2 bunyips
  A minotaur (Gauntlet)
  Snorg (Lair:6)
  An ice dragon (Depths:1)
  An ogre mage (Depths:1)
  3 boulder beetles (D:14)
  7 hydras
  A catoblepas (Lair:6)
  6 two-headed ogres
  4 centaur warriors
  3 death yaks
  A vampire mage (D:14)
  A goliath frog (Swamp:1)
  Urug (Orc:2)
  An orc high priest (Orc:2)
  A skeletal warrior (D:15)
  A spriggan druid (Lair:3)
  2 swamp dragons
  2 unseen horrors (D:13)
  A wizard (Depths:1)
  A sea snake (Shoals:1)
  2 bog bodies (Swamp:1)
  A lindwurm (Lair:5)
  An orc knight (Orc:2)
  A fire giant zombie (D:15)
  A wolf spider (D:15)
  A frost giant zombie (D:15)
  An oklob plant (D:11)
  2 deep elf magi
  9 ugly things
  A cyclops (D:13)
  2 will-o-the-wisps (Swamp:1)
  4 centaur zombies
  A manticore (D:14)
  2 elephants (Lair:6)
  4 black mambas
  7 cane toads
  4 rime drakes
  11 komodo dragons
  3 freezing wraiths
  A jumping spider (shapeshifter) (D:13)
  6 trolls
  A tengu conjurer (D:14)
  4 hornets
  3 tyrant leeches
  3 meliai (D:13)
  6 slime creatures
  9 polar bears
  A snapping turtle (Shoals:1)
  5 blink frogs
  9 dream sheep
  A meliai zombie (D:12)
  A shadow (D:14)
  3 spriggans
  2 wyverns
  A wraith (D:11)
  6 fire bats (Volcano)
  15 humans (D:13)
  33 yaks
  Grum (D:9)
  2 fire elementals (Orc:2)
  4 vampire mosquitoes
  A warg (Orc:1)
  A soldier ant (D:11)
  5 swamp worms
  19 water moccasins
  2 acid dragons (Gauntlet)
  3 hell hounds (Orc:2)
  13 orc warriors
  A hornet zombie (D:15)
  An ice beast (D:14)
  An eye of draining (D:12)
  2 black bears
  7 sky beasts
  9 ogres
  15 wolves
  2 phantoms
  3 centaurs
  2 big kobolds
  10 bullfrogs
  A wyvern zombie (D:12)
  2 scorpions
  17 killer bees
  7 wights
  2 vampire bats (Lair:2)
  10 howler monkeys
  5 lava snakes (Volcano)
  2 bullfrog zombies
  5 bullfrog skeletons
  5 centaur skeletons
  3 jellies
  17 orc priests
  17 orc wizards
  6 hounds
  4 iguanas
  Ijyb (D:3)
  5 hell rats (Lair:4)
  14 worker ants
  A worker ant zombie (D:6)
  7 adders
  3 gnolls (D:9)
  A howler monkey skeleton (D:5)
  4 river rats (Lair:4)
  A white imp (D:5)
  A shadow imp (D:6)
  3 ufetubi
  An ooze (D:1)
  An adder skeleton (D:7)
  3 worms
  3 dart slugs (D:1)
  3 leopard geckos
  58 orcs
  16 bats
  5 giant cockroaches
  6 goblins
  5 hobgoblins
  13 jackals
  5 quokkas
  A ball python (D:5)
  2 frilled lizards (D:1)
  A goblin zombie (D:4)
  16 kobolds
  A kobold zombie (D:4)
  2 quokka skeletons
  A quokka zombie (D:5)
  12 rats
618 creatures vanquished.

Vanquished Creatures (collateral kills)
  A lich (Depths:1)
  A stone giant (Depths:1)
  3 hydras
  2 catoblepae
  A deep troll shaman (Lair:6)
  An ogre mage (Volcano)
  3 two-headed ogres
  An alligator (Swamp:1)
  10 death yaks
  A goliath frog (Swamp:2)
  A skeletal warrior (D:15)
  A swamp dragon (Swamp:1)
  An unseen horror (D:15)
  An orc knight (D:13)
  A necromancer (D:15)
  An oklob plant (D:11)
  A cyclops (D:14)
  6 ugly things
  2 manticores
  An orc sorcerer (Orc:1)
  A centaur zombie (D:13)
  An ice statue (IceCv)
  A black mamba (Lair:1)
  9 elephants (Lair:6)
  A stone giant skeleton (D:15)
  2 torpor snails (Lair:3)
  A cane toad (Lair:6)
  A rime drake (D:13)
  A yaktaur (Depths:1)
  A yaktaur skeleton (D:15)
  A tyrant leech (Swamp:1)
  3 trolls
  7 polar bears
  2 blink frogs (Lair:2)
  18 dream sheep
  5 slime creatures
  A wraith (D:11)
  15 yaks
  3 basilisks
  A human (D:13)
  3 vampire mosquitoes (D:13)
  A warg (Orc:1)
  3 swamp worms
  A water moccasin (Lair:4)
  2 hell hounds (Orc:2)
  5 orc warriors
  A sky beast (D:7)
  An ogre (D:6)
  8 wolves
  3 centaurs
  A bullfrog (D:6)
  2 wights
  2 howler monkeys (D:8)
  A bullfrog zombie (D:6)
  3 orc priests
  An orc wizard (Orc:1)
  2 worker ants
  An adder (D:8)
  A shadow imp (D:6)
  14 orcs
  3 kobolds (D:11)
  54 foxfires
228 creatures vanquished.

Vanquished Creatures (others)
  A hell hound (Orc:2)
  2 orcs (Orc:2)
  27 demonic plants (Gauntlet)
  1388 foxfires
  28 fungi
  42 plants
  A withered plant (D:15)
1489 creatures vanquished.

Grand Total: 2335 creatures vanquished

Notes
Turn   | Place    | Note
-------+----------+-------------------------------------------
     0 | D:1      | Morbidden the Demonspawn Fighter began the quest for the
                  | Orb.
     0 | D:1      | Reached XP level 1. HP: 18/18 MP: 1/1
   108 | D:1      | Gained mutation: You have an unusually large brain. (Int
                  | +2) [demonic ancestry]
   108 | D:1      | Reached XP level 2. HP: 24/24 MP: 2/2
   337 | D:1      | Reached XP level 3. HP: 28/29 MP: 3/3
  1777 | D:2      | Reached XP level 4. HP: 35/35 MP: 4/4
  1867 | D:3      | Found a faded altar of an unknown god.
  2171 | D:3      | Found a glowing silver altar of Zin.
  2171 | D:3      | Found a sacrificial altar of Ru.
  2583 | D:4      | Noticed Ijyb
  2601 | D:3      | Killed Ijyb
  2733 | D:4      | Found a runed translucent door.
  2733 | D:4      | Noticed a human
  2752 | D:4      | Found a basalt altar of Yredelemnul.
  2779 | D:4      | Noticed a phantom
  2821 | D:4      | Killed a phantom
  2821 | D:4      | Reached skill level 1 in Spellcasting
  2821 | D:4      | Gained mutation: When hurt, damage is shared between your
                  | health and your magic reserves. [demonic ancestry]
  2821 | D:4      | Reached XP level 5. HP: 26/41 MP: 6/6
  2968 | D:4      | Found a staircase to the Ecumenical Temple.
  2979 | Temple   | Entered the Ecumenical Temple
  3031 | Temple   | Became a worshipper of Vehumet
  3156 | D:4      | Noticed a sky beast
  3222 | D:4      | Killed a sky beast
  3222 | D:4      | Gained mutation: You have sharp fingernails. [demonic
                  | ancestry]
  3222 | D:4      | Reached XP level 6. HP: 34/47 MP: 3/8
  3666 | D:5      | Entered Level 5 of the Dungeon
  3666 | D:5      | Noticed a sky beast
  3700 | D:5      | Noticed a sky beast
  3740 | D:5      | Noticed an air elemental
  3749 | D:5      | Found a stormy altar of Qazlal.
  3828 | D:5      | Found Wur Lin's Jewellery Shop.
  3907 | D:5      | Killed a sky beast
  3907 | D:5      | Reached skill level 1 in Throwing
  3907 | D:5      | Reached skill level 1 in Dodging
  4025 | D:4      | Killed a sky beast
  4025 | D:4      | Reached XP level 7. HP: 20/53 MP: 5/9
  4220 | D:5      | Found a transporter.
  4220 | D:5      | Noticed waddelsworth's ghost (novice DEIE)
  4335 | D:5      | Noticed a fire elemental
  4335 | D:5      | Noticed a water elemental
  4355 | D:5      | Found a transporter.
  4619 | D:5      | Found a shimmering altar of Xom.
  4619 | D:5      | Found a shimmering altar of Xom.
  4650 | D:5      | Found a shimmering altar of Xom.
  4651 | D:5      | Found a shimmering altar of Xom.
  5244 | D:5      | Reached * piety under Vehumet
  5244 | D:5      | Offered knowledge of Foxfire by Vehumet.
  5247 | D:5      | Learned a level 1 spell: Foxfire
  5311 | D:5      | Gained mutation: A weak demonic guardian rushes to your
                  | aid. [demonic ancestry]
  5311 | D:5      | Reached XP level 8. HP: 17/60 MP: 4/11
  5907 | D:6      | Reached skill level 1 in Conjurations
  6176 | D:6      | Reached skill level 5 in Long Blades
  6176 | D:6      | Reached skill level 1 in Fire Magic
  6388 | D:6      | Reached skill level 5 in Shields
  7166 | D:7      | Found Sajedela's Assorted Antiques.
  7170 | D:7      | Bought an inky potion for 27 gold pieces
  7170 | D:7      | Bought 2 sedimented blue potions for 54 gold pieces
  7170 | D:7      | Bought a sedimented blue potion for 27 gold pieces
  7170 | D:7      | Bought a purple potion for 27 gold pieces
  7215 | D:7      | Found a burning altar of Makhleb.
  7215 | D:7      | Found a snail-covered altar of Cheibriados.
  7368 | D:7      | Reached ** piety under Vehumet
  7472 | D:7      | Offered knowledge of Searing Ray by Vehumet.
  7476 | D:7      | Learned a level 2 spell: Searing Ray
  7906 | D:7      | Gained mutation: You have an extremely huge brain. (Int +4)
                  | [demonic ancestry]
  7906 | D:7      | Reached XP level 9. HP: 66/66 MP: 14/14
  8552 | D:8      | Found a shadowy altar of Dithmenos.
  8554 | D:8      | Found a hazy altar of Hepliaklqana.
  8618 | D:8      | Reached skill level 5 in Fighting
  9183 | D:8      | Found a radiant altar of Vehumet.
  9472 | D:9      | Noticed Grum
  9488 | D:9      | Killed Grum
  9756 | D:9      | Offered knowledge of Stone Arrow by Vehumet.
  9871 | D:9      | Noticed a troll
  9891 | D:9      | Killed a troll
 10210 | D:9      | Noticed a brown very ugly thing
 10210 | D:9      | Noticed a centaur warrior
 10213 | D:9      | Noticed a centaur warrior
 10560 | D:9      | Reached *** piety under Vehumet
 10626 | D:9      | Reached XP level 10. HP: 66/75 MP: 14/16
 10756 | D:9      | Found an ancient bone altar of Kikubaaqudgha.
 10771 | D:9      | Noticed a purple ugly thing
 10888 | D:10     | Entered Level 10 of the Dungeon
 10908 | D:10     | Found Asmom's Antique Armour Shoppe.
 11122 | D:10     | Noticed a purple ugly thing
 11164 | D:10     | Killed a purple ugly thing
 11466 | D:10     | Found a portal to a secret trove of treasure.
 11869 | D:11     | Found a staircase to the Lair.
 11869 | D:11     | Noticed an oklob plant
 11869 | D:11     | Noticed an oklob plant
 12291 | D:11     | Reached skill level 5 in Spellcasting
 12381 | D:11     | Killed an oklob plant
 12381 | D:11     | Reached skill level 1 in Stealth
 12637 | D:11     | Killed an oklob plant
 12637 | D:11     | Reached skill level 5 in Conjurations
 13044 | D:11     | Reached skill level 5 in Armour
 13218 | D:11     | Reached skill level 5 in Fire Magic
 13318 | D:11     | Noticed a two-headed ogre
 13334 | D:11     | Killed a two-headed ogre
 13334 | D:11     | Gained mutation: A demonic guardian rushes to your aid.
                  | [demonic ancestry]
 13334 | D:11     | Reached XP level 11. HP: 59/83 MP: 10/19
 13408 | D:11     | Reached skill level 1 in Evocations
 13452 | D:11     | Offered knowledge of Airstrike by Vehumet.
 13970 | D:11     | Learned a level 4 spell: Airstrike
 14227 | D:12     | Got a pitted scale mail
 14228 | D:12     | Identified the +5 scale mail "Iwiaw" {Dex+2} (You found it
                  | on level 12 of the Dungeon)
 14545 | D:12     | Reached **** piety under Vehumet
 14578 | D:11     | Reached skill level 1 in Air Magic
 14991 | D:12     | Noticed a white ugly thing
 14993 | D:12     | Noticed a brown ugly thing
 15019 | D:12     | Offered knowledge of Lightning Bolt by Vehumet.
 15026 | D:12     | Learned a level 5 spell: Lightning Bolt
 15037 | D:12     | Found a roughly hewn altar of Beogh.
 15037 | D:12     | Found a staircase to the Orcish Mines.
 15059 | D:12     | Killed a brown ugly thing
 15083 | D:12     | Killed a brown ugly thing
 16042 | D:13     | Found a gate to the Vaults.
 16042 | D:13     | Noticed a two-headed ogre
 16042 | D:13     | Noticed an orc knight
 16042 | D:13     | Noticed a centaur warrior
 16062 | D:13     | Noticed an orange crystal statue
 16205 | D:13     | Found a frozen archway.
 16207 | D:13     | HP: 3/85 [something (13)]
 16355 | IceCv    | Entered an ice cave
 16363 | IceCv    | Reached ***** piety under Vehumet
 16864 | IceCv    | Offered knowledge of Lee's Rapid Deconstruction by Vehumet.
 18008 | IceCv    | Gained mutation: You have an absolutely massive brain. (Int
                  | +6, Wiz) [demonic ancestry]
 18008 | IceCv    | Reached XP level 12. HP: 84/92 MP: 18/21
 18125 | IceCv    | Noticed a frost giant
 18436 | IceCv    | Killed a frost giant
 18784 | D:13     | Killed a centaur warrior
 18903 | D:13     | Killed a two-headed ogre
 20356 | D:14     | Noticed a seven-headed hydra
 20359 | D:14     | Noticed a boulder beetle
 20476 | D:14     | Killed a seven-headed hydra
 21055 | Lair:1   | Entered Level 1 of the Lair of Beasts
 21312 | Lair:1   | Gained mutation: You have very sharp fingernails. [demonic
                  | ancestry]
 21312 | Lair:1   | Reached XP level 13. HP: 69/101 MP: 25/25
 21559 | Lair:1   | Found a runed translucent gate.
 21559 | Lair:1   | Found a runed translucent gate.
 21559 | Lair:1   | Found a runed translucent gate.
 22053 | Lair:1   | Reached skill level 5 in Air Magic
 22202 | Lair:1   | Learned a level 3 spell: Vampiric Draining
 22528 | Lair:1   | Noticed Decritt's ghost (journeyman GrFi)
 23218 | Lair:2   | Found a staircase to the Shoals.
 23312 | Lair:2   | Reached skill level 1 in Necromancy
 24775 | Lair:3   | Offered knowledge of Starburst by Vehumet.
 24791 | Lair:3   | Learned a level 6 spell: Starburst
 25214 | Lair:3   | Found a staircase to the Swamp.
 27577 | Lair:5   | Found a viscous altar of Jiyva.
 27578 | Lair:5   | Found a staircase to the Slime Pits.
 27661 | Lair:5   | Found a gate leading to a gauntlet.
 27671 | Gauntlet | Entered a Gauntlet
 27671 | Gauntlet | Found a transporter.
 27671 | Gauntlet | Found a transporter.
 27671 | Gauntlet | Found a transporter.
 27682 | Gauntlet | Found a transporter.
 27685 | Gauntlet | Found a transporter.
 27694 | Gauntlet | Found a transporter.
 27696 | Gauntlet | Found a transporter.
 27709 | Gauntlet | Found a transporter.
 27719 | Gauntlet | Found a transporter.
 27741 | Gauntlet | Found a transporter.
 27742 | Gauntlet | Found a transporter.
 27752 | Gauntlet | Found a transporter.
 27845 | Gauntlet | Noticed a minotaur
 27874 | Gauntlet | Killed a minotaur
 28042 | Lair:5   | Offered knowledge of Fireball by Vehumet.
 28127 | Lair:5   | Found a dark tunnel.
 28138 | Volcano  | Entered a volcano
 28430 | Volcano  | Reached XP level 14. HP: 88/109 MP: 27/27
 28537 | Volcano  | Reached skill level 10 in Shields
 28569 | Volcano  | Found a burning altar of Makhleb.
 29097 | Volcano  | Gained mutation: Your spells are a little easier to cast,
                  | but a little less powerful. [a neqoxec]
 30200 | Lair:6   | Entered Level 6 of the Lair of Beasts
 30216 | Lair:6   | Reached skill level 10 in Fighting
 30909 | Lair:6   | Noticed Snorg
 30940 | Lair:6   | Killed Snorg
 30940 | Lair:6   | Reached skill level 5 in Necromancy
 31378 | Lair:6   | Offered knowledge of Spellforged Servitor by Vehumet.
 31513 | Lair:6   | Reached skill level 10 in Spellcasting
 32827 | Lair:6   | Identified the Volume of the Vanishing Realms
 33031 | Orc:1    | Entered Level 1 of the Orcish Mines
 33243 | Orc:1    | Noticed an orc warlord
 33289 | Orc:1    | Killed an orc warlord
 33531 | Orc:2    | Entered Level 2 of the Orcish Mines
 33624 | Orc:2    | Noticed Azrael
 33953 | Orc:2    | Killed Azrael
 33962 | Orc:2    | Offered knowledge of Orb of Destruction by Vehumet.
 34805 | Orc:2    | Noticed Saint Roka
 35631 | Orc:2    | Noticed Urug
 35673 | Orc:2    | Killed Urug
 35748 | Orc:2    | Noticed Nergalle
 35761 | Orc:2    | Noticed Jorgrun
 35790 | Orc:2    | Killed Jorgrun
 35790 | Orc:2    | Gained mutation: You regenerate magic rapidly. [demonic
                  | ancestry]
 35790 | Orc:2    | Reached XP level 15. HP: 117/117 MP: 9/29
 35805 | Orc:2    | Found a roughly hewn altar of Beogh.
 35805 | Orc:2    | Found Uboth's Book Shop.
 37075 | D:14     | Found a runed translucent gate.
 37075 | D:14     | Noticed kuniqs's ghost (journeyman DEFE)
 37438 | D:14     | Found a runed translucent gate.
 37438 | D:14     | Found a runed translucent gate.
 37445 | D:14     | Identified the +9 hand axe of Past Mistakes {vorpal, MR+}
 37454 | D:14     | Identified the +10 battleaxe "Ihuod" {antimagic, Str+4}
 37454 | D:14     | Identified the +3 plate armour of Zioparod {rElec Regen+}
 37457 | D:14     | Found a roughly hewn altar of Beogh.
 38079 | D:15     | Entered Level 15 of the Dungeon
 39204 | D:15     | Learned a level 7 spell: Orb of Destruction
 39454 | D:15     | Offered knowledge of Freezing Cloud by Vehumet.
 39729 | D:15     | Found a glowing golden altar of the Shining One.
 39755 | D:15     | Found a staircase to the Depths.
 41078 | Depths:1 | Entered Level 1 of the Depths
 41368 | Depths:1 | Noticed a lich
 41376 | Depths:1 | Killed a lich
 41712 | Depths:1 | Found a corrupted altar of Lugonu.
 41716 | Depths:1 | Found Foich's Antique Weapon Shop.
 41724 | Depths:1 | Identified Lugonu's Tome of Battle Magic
 41787 | Depths:1 | Found Ugrymyehi's Antique Weapon Shoppe.
 41792 | Depths:1 | Found Wuhitz's Magic Scroll Shoppe.
 41799 | Depths:1 | Bought a scroll of teleportation for 45 gold pieces
 41799 | Depths:1 | Bought a scroll of teleportation for 45 gold pieces
 41803 | Depths:1 | Noticed Mara
 41997 | Swamp:1  | Entered Level 1 of the Swamp
 44686 | Swamp:1  | Identified the Papyrus of Burning Stones
 44953 | Swamp:1  | Identified the +5 executioner's axe of Tecit {spect,
                  | *Corrode MP+9 Dex+3} (You found it on level 1 of the Swamp)
 45119 | D:10     | Bought a jewelled crystal plate armour for 1785 gold pieces
 45129 | D:10     | Identified the +5 crystal plate armour "Wyesison" {rElec
                  | rN+ Int-2 Dex+5} (You bought it in a shop on level 10 of
                  | the Dungeon)
 45241 | Shoals:1 | Entered Level 1 of the Shoals
 45895 | Swamp:2  | Found a snail-covered altar of Cheibriados.
 45915 | Swamp:2  | Noticed a thorn hunter
 45939 | Swamp:2  | Killed from afar by a thorn hunter

Illustrated notes

Levels and vault maps discovered:
D:1:      lemuel_arrival_lava_pool, layout_basic
D:2:      layout_rooms
D:3:      layout_basic, grunt_temple_overflow_open,
          chequers_ecumenical_altar_island, kennysheep_big_empty_room
D:4:      layout_rooms, minmay_temple_entry_poolview, dk_yredelemnul_ordeal,
          uniq_ijyb
D:5:      layout_loops_ring, nicolae_qazlal_style_of_elements, xom_redecorated,
          serial_shops, shop, gammafunk_ghost_smash
D:6:      layout_basic
D:7:      layout_loops_ring, gammafunk_temple_overflow_statue, serial_shops,
          shop
D:8:      layout_cave_pools, riverfiend_overflow_shadow_ancestor,
          vehumet_altar_wand_db
D:9:      layout_loops_cross, kennysheep_mini, onia_ninara_dug_in_and_dangerous,
          uniq_grum
D:10:     layout_loops_ring, nicolae_trove_entry_columns, serial_shops, shop
D:11:     layout_irregular_city, dpeg_oklobed_lair
D:12:     layout_irregular_city, david_orc_5
D:13:     layout_irregular_city, david_vaults_3, portal_ice_cave_rime,
          minmay_protected_statue
D:14:     layout_loops_ring, serial_rivers, chequers_serial_rivers_room_a,
          chequers_serial_rivers_large_a, chequers_serial_rivers_marsh,
          chequers_serial_rivers_micro_c, chequers_serial_rivers_room_a,
          chequers_serial_rivers_marsh, minmay_misc_feat_room,
          biasface_ghost_orc_armoury, minivault_20
D:15:     gammafunk_depths_entry_grave, layout_stronghold, basic_altar
Temple:   minmay_temple_bridge_abc
Lair:1:   wander_river, layout_misc_corridors, gammafunk_ghost_icy,
          lemuel_fruit_tree
Lair:2:   layout_cave_pods, shoals_dummy_entry, roderic_batcave,
          chequers_serial_rivers_micro_d, chequers_serial_rivers_room_b,
          grunt_forest_stairs_basic
Lair:3:   layout_roguey, palyth_hydra_swamp_entry
Lair:4:   layout_layer_cave, chequers_serial_rivers_micro_c,
          serial_bayou_pond_d, kennysheep_abandoned_house
Lair:5:   layout_roguey, dpeg_slime_entry_enclosed_altar,
          nicolae_volcano_entry_vermiform, gauntlet_entry_generic,
          lemuel_fruit_fields
Lair:6:   grunt_lair_end_beastmaster, layout_big_grid, uniq_snorg
Swamp:1:  layout_basic_swamp, evilmike_swamp_ruin_house_1
Swamp:2:  layout_basic_swamp, evilmike_swamp_ruin_house_3, lemuel_altar_in_water
Shoals:1: cheibrodos_shoals_roost, layout_shoals, serial_shops,
          nicolae_shop_window_shopping, shop, nicolae_shop_stone,
          nicolae_shop_stone, nicolae_shoals_this_corrosion
Orc:1:    layout_diamond_mine
Orc:2:    grunt_orc_cross, layout_diamond_mine, lightli_orcish_oven,
          uniq_azrael, uniq_jorgrun
Depths:1: layout_gridlike, grunt_hell_entry_dis_mu, serial_shops, shop_statue,
          shop, shop, kennysheep_little_box, chequers_serial_rivers_micro_b,
          tgw_lugonu_bribe, serial_bayou_shore_a, minmay_shop_star, uniq_mara

Skill      XL: |  1  2  3  4  5  6  7  8  9 10 11 12 13 14 15 |
---------------+----------------------------------------------+-----
Long Blades    | 2 3 4 5 6 7 8 |  8.8
Shields        | 3 4 5 6 7 8 9 10 11 | 11.4
Armour         | 3 4 5 6 7 8 |  8.3
Spellcasting   | 1 2 3 4 5 6 8 9 10 11 | 11.8
Throwing       | 1 2 3 |  3.5
Dodging        | 1 2 3 4 |  4.0
Fighting       | 4 5 6 8 9 10 11 | 11.2
Conjurations   | 3 4 5 6 7 |  7.3
Fire Magic     | 1 3 5 |  5.9
Stealth        | 1 2 |  2.3
Evocations     | 1 |  1.2
Air Magic      | 2 4 6 8 9 |  9.0
Necromancy     | 4 6 7 |  7.5
Axes           | |  0.2
Polearms       | |  0.6

Action                   |  1- 3 |  4- 6 |  7- 9 | 10-12 | 13-15 || total
-------------------------+-------+-------+-------+-------+-------++-------
Melee: Long sword        |   127 |   145 |   316 |   562 |  1591 ||  2741
       Demon trident     |       |       |    11 |       |       ||    11
       Executioner's axe |       |       |       |       |     7 ||     7
Throw: Dart              |    13 |    56 |   107 |     9 |     8 ||   193
 Cast: Foxfire           |       |       |    96 |   512 |   221 ||   829
       Searing Ray       |       |       |    19 |    45 |     5 ||    69
       Airstrike         |       |       |       |    67 |   379 ||   446
       Vampiric Draining |       |       |       |       |    23 ||    23
       Lightning Bolt    |       |       |       |       |     3 ||     3
Evoke: Wand              |       |     3 |       |     5 |    12 ||    20
       Phial of floods   |       |       |       |     1 |       ||     1
  Use: Scroll            |     3 |     1 |     5 |    19 |    23 ||    51
       Potion            |       |     3 |     3 |    15 |    17 ||    38
 Stab: Distracted        |       |       |     2 |     4 |     9 ||    15
       Invisible         |       |       |       |     3 |     2 ||     5
       Petrified         |       |       |       |       |     7 ||     7
Armor: Scale mail        |    77 |    68 |   139 |   420 |   490 ||  1194
       Skin              |       |    24 |       |       |       ||    24
       Robe              |       |       |    14 |       |       ||    14
       Troll leather arm |       |       |       |    14 |       ||    14
       Gold dragon scale |       |       |       |       |   695 ||   695
Dodge: Dodged            |    40 |    40 |   134 |   357 |   829 ||  1400
       Repelled          |       |       |       |     4 |       ||     4
Block: Kite shield       |    80 |    63 |   218 |   529 |  1479 ||  2369
       Rpst.: Long sword |    18 |     8 |    36 |    75 |   189 ||   326

Table legend: (Time is in decaauts)
 A = Elapsed time spent in this place.
 B = Non-inter-level travel time spent in this place.
 C = Inter-level travel time spent in this place.
 D = Time resting spent in this place.
 E = Time spent auto-exploring this place.
 F = Levels seen in this place.
 G = Mean time per level.
                   A        B        C        D        E       F      G
               +--------+--------+--------+--------+--------+-----+--------+
         Total |  46430 |  44317 |   2113 |  10021 |  24358 |  31 | 1497.7 |
       Dungeon |  24377 |  23066 |   1311 |   4247 |  13233 |  15 | 1625.1 |
        Temple |     88 |     62 |     26 |      0 |     46 |   1 |   88.0 |
          Lair |  12911 |  12330 |    581 |   2785 |   7497 |   6 | 2151.8 |
         Swamp |   1718 |   1613 |    105 |    304 |    998 |   2 |  859.0 |
        Shoals |    110 |     91 |     19 |      0 |     23 |   1 |  110.0 |
  Orcish Mines |   3235 |   3166 |     69 |   1003 |   1486 |   2 | 1617.5 |
        Depths |    453 |    453 |      0 |    210 |    116 |   1 |  453.0 |
      Ice Cave |   2319 |   2319 |      0 |   1171 |    741 |   1 | 2319.0 |
       Volcano |    963 |    963 |      0 |    301 |    217 |   1 |  963.0 |
      Gauntlet |    251 |    251 |      0 |      0 |      0 |   1 |  251.0 |
               +--------+--------+--------+--------+--------+-----+--------+

Top non-repeatable levels by time:
  Lair:3: 3665 daAuts
    D:14: 2754 daAuts
  Lair:6: 2711 daAuts
    D:13: 2608 daAuts
    D:11: 2601 daAuts
   IceCv: 2319 daAuts
    D:15: 2299 daAuts
  Lair:4: 2040 daAuts
     D:5: 1944 daAuts
    D:12: 1941 daAuts
   Orc:1: 1675 daAuts
  Lair:1: 1568 daAuts
   Orc:2: 1560 daAuts
     D:9: 1470 daAuts
  Lair:2: 1467 daAuts
